 Dungeon Crawl Stone Soup version 0.29-a0-362-g5854e031c7 (webtiles) character file.

Game seed: 8958613637711066288

89 ptdevnull the Vexing (level 4, 9/34 HPs)
             Began as a Gnoll Arcane Marksman on Apr 30, 2022.
             Quit the game on level 3 of the Dungeon.
             The game lasted 00:03:57 (1697 turns).

ptdevnull the Vexing (Gnoll Arcane Marksman)        Turns: 1697, Time: 00:03:58

Health: 9/34       AC:  2    Str:  9    XL:     4   Next: 55%
Magic:  8/8        EV: 13    Int: 14    God:
Gold:   116        SH:  0    Dex: 13    Spells: 8/9 levels left

rFire   . . .      SeeInvis .   a - +0 shortbow
rCold   . . .      Faith    .   (shield currently unavailable)
rNeg    . . .      Spirit   .   b - +0 robe
rPois   .          Reflect  .   (no helmet)
rElec   .          Harm     .   (no cloak)
rCorr   .          Rampage  .   (no gloves)
Will    .....                   (no boots)
Stlth   ++........              (no amulet)
HPRegen 0.11/turn               (no ring)
MPRegen 0.11/turn               (no ring)

@: no status effects
A: fangs 1, strong nose, distributed training
a: no special abilities


You were on level 3 of the Dungeon.
You visited 1 branch of the dungeon, and saw 3 of its levels.

You collected 116 gold pieces.

Inventory:

Hand Weapons
 a - a +0 shortbow (weapon)
Armour
 b - a +0 robe (worn)
Jewellery
 j - a ring of ice
Scrolls
 c - 2 scrolls of vulnerability
 f - a scroll of enchant weapon {unknown}
 g - a scroll of immolation {unknown}
 h - 2 scrolls of identify {unknown}
 k - a scroll of teleportation {unknown}
Potions
 d - a potion of brilliance {unknown}
 e - a potion of haste {unknown}
 i - a potion of attraction {unknown}


   Skills:
 + Level 2.8 Fighting
 + Level 1.2 Short Blades
 + Level 1.2 Long Blades
 + Level 1.2 Axes
 + Level 1.2 Maces & Flails
 + Level 1.2 Polearms
 + Level 1.2 Staves
 + Level 1.2 Slings
 + Level 4.6 Bows
 + Level 1.2 Crossbows
 + Level 1.2 Throwing
 + Level 1.2 Armour
 + Level 4.6 Dodging
 + Level 1.2 Stealth
 + Level 1.2 Shields
 + Level 1.2 Unarmed Combat
 + Level 3.0 Spellcasting
 + Level 1.0 Conjurations
 + Level 5.5 Hexes
 + Level 1.0 Summonings
 + Level 1.0 Necromancy
 + Level 1.0 Translocations
 + Level 1.0 Transmutations
 + Level 1.0 Fire Magic
 + Level 1.0 Ice Magic
 + Level 1.0 Air Magic
 + Level 1.0 Earth Magic
 + Level 1.0 Poison Magic
 + Level 1.3 Invocations
 + Level 1.2 Evocations


You had 8 spell levels left.
You knew the following spells:

 Your Spells              Type           Power      Damage    Failure   Level
a - Slow                  Hex            68%        N/A       2%          1

Your spell library contained the following spells:

 Spells                   Type           Power      Damage    Failure   Level
 Confusing Touch          Hex            17%        N/A       7%          3
 Inner Flame              Hex/Fire       11%        N/A       17%         3
 Portal Projectile        Hex/Tloc       22%        N/A       17%         3
 Sublimation of Blood     Necr           4%         N/A       22%         2
 Wereblood                Tmut           4%         N/A       22%         2
 Cause Fear               Hex            8%         N/A       22%         4
 Vampiric Draining        Necr           4%         2d6       38%         3
 Summon Hydra             Summ           2%         N/A       100%        7


Dungeon Overview and Level Annotations

Branches:
Dungeon (3/15)

Altars:

Shops:
D:3 ?

Annotations:
D:3 2 transporters, Robin


Innate Abilities, Weirdness & Mutations

You have very sharp teeth.
Your uncanny sense of smell can sniff out nearby items.
Your experience applies equally to all skills.


Message History

You shoot an arrow. The arrow hits the orc wizard.
The orc wizard is severely wounded.
The orc wizard hits you with a +0 dagger.
An orc comes into view. It is wielding a +0 club.
The orc wizard misses you.
Aiming: Slow (safe; 2% risk of failure)
Press: ? - help, Q - select action, (/) - cycle Shift-Dir - straight line, f/p - orc wizard
Aim: an orc wizard, wielding a +0 dagger and wearing a +0 robe (severely wounded, chance to affect: 56%)
Okay, then.
You aren't carrying any items that you can evoke.
Shoot: a) +0 shortbow
Press: ? - help, Shift-Dir - straight line, f/p - orc wizard
Aim: an orc wizard, wielding a +0 dagger and wearing a +0 robe (severely wounded, 53% to hit)
You shoot an arrow.
The arrow completely misses the orc wizard.
The arrow hits the kobold.
The kobold is moderately wounded.
The orc wizard closely misses you.
Aiming: Slow (safe; 2% risk of failure)
Press: ? - help, Q - select action, (/) - cycle Shift-Dir - straight line, f/p - orc wizard
Aim: an orc wizard, wielding a +0 dagger and wearing a +0 robe (severely wounded, chance to affect: 56%)
Okay, then.
The orc wizard hits you with a +0 dagger.
The orc wizard points at you and mumbles some strange words.
The magic dart hits you.
The orc wizard casts a spell.
The orc wizard flickers and vanishes!
Deactivating autopickup; reactivate with Ctrl-A.
The orc closely misses you. The orc hits you with a +0 hand axe.
An orc wizard comes into view. It is wielding a +0 dagger.
The orc hits you with a +0 hand axe. The orc misses you.
The orc hits you with a +0 hand axe.
* * * LOW HITPOINT WARNING * * *
The orc barely misses you.
You are too injured to fight recklessly!
You are too injured to fight recklessly!
You are too injured to fight recklessly!
Are you sure you want to abandon this character and quit the game? (Confirm with "yes".)

... .. ..∆ ..# . #.#
#. #.## #.##.####..##
# #......##...## . .
#@#.....## .# ...
#o#o.....####.###
.o..#
#K...............
...gK.#Ko.#.........#
#............⌠.##
......###....#....##
# ....## ###.###..##
.# ... #.###.## .##
.. #.....#


You could see an orc wizard (wandering), an orc and 2 kobolds.

Vanquished Creatures
  Terence (D:2)
  An adder (D:2)
  2 dart slugs (D:1)
  4 bats
  3 endoplasms (D:1)
  4 goblins
  4 hobgoblins
  9 jackals
  3 ball pythons
  4 frilled lizards
  5 kobolds
  8 rats
48 creatures vanquished.

Vanquished Creatures (others)
  A plant (D:3)
1 creature vanquished.

Grand Total: 49 creatures vanquished

Notes
Turn   | Place    | Note
-------+----------+-------------------------------------------
     0 | D:1      | ptdevnull the Gnoll Arcane Marksman began the quest for the
                  | Orb.
     0 | D:1      | Reached XP level 1. HP: 17/17 MP: 4/4
   139 | D:1      | Reached XP level 2. HP: 23/23 MP: 5/5
   546 | D:1      | Reached XP level 3. HP: 26/28 MP: 7/7
   993 | D:2      | Reached skill level 1 in Invocations
  1091 | D:2      | Noticed Terence
  1100 | D:2      | Killed Terence
  1101 | D:2      | Reached skill level 1 in Short Blades
  1101 | D:2      | Reached skill level 1 in Long Blades
  1101 | D:2      | Reached skill level 1 in Axes
  1101 | D:2      | Reached skill level 1 in Maces & Flails
  1101 | D:2      | Reached skill level 1 in Polearms
  1101 | D:2      | Reached skill level 1 in Staves
  1101 | D:2      | Reached skill level 1 in Slings
  1101 | D:2      | Reached skill level 1 in Crossbows
  1101 | D:2      | Reached skill level 1 in Throwing
  1101 | D:2      | Reached skill level 1 in Armour
  1101 | D:2      | Reached skill level 1 in Stealth
  1101 | D:2      | Reached skill level 1 in Shields
  1101 | D:2      | Reached skill level 1 in Unarmed Combat
  1101 | D:2      | Reached skill level 1 in Evocations
  1101 | D:2      | Reached XP level 4. HP: 34/34 MP: 8/8
  1525 | D:3      | Noticed Robin
  1595 | D:3      | Found a transporter.
  1601 | D:3      | Found a transporter.
  1639 | D:3      | Identified the +3 spear "Akhlewn" {venom, rElec}
  1639 | D:3      | Identified the +0 scale mail "Botsat" {rElec}
  1639 | D:3      | Noticed a gnoll sergeant
  1643 | D:3      | Reached skill level 1 in Conjurations
  1643 | D:3      | Reached skill level 1 in Summonings
  1643 | D:3      | Reached skill level 1 in Necromancy
  1643 | D:3      | Reached skill level 1 in Translocations
  1643 | D:3      | Reached skill level 1 in Transmutations
  1643 | D:3      | Reached skill level 1 in Fire Magic
  1643 | D:3      | Reached skill level 1 in Ice Magic
  1643 | D:3      | Reached skill level 1 in Air Magic
  1643 | D:3      | Reached skill level 1 in Earth Magic
  1643 | D:3      | Reached skill level 1 in Poison Magic
  1658 | D:3      | Found Reuzamp's Magic Scroll Shop.
  1697 | D:3      | Quit the game

Illustrated notes

Levels and vault maps discovered:
D:1:      dpeg_arrival_ratfight, layout_basic, serial_rivers,
          chequers_serial_rivers_room_b, chequers_serial_rivers_marsh,
          chequers_serial_rivers_room_a, chequers_serial_rivers_room_a,
          kennysheep_another_room, chequers_mini_garden
D:2:      layout_basic, minmay_misc_feat_tower, uniq_terence
D:3:      layout_loops_ring, nicolae_overflow_ecumenical_swirl,
          general_overflow_altar, serial_shops, nicolae_shop_stone,
          shapermc_ecumenical_altar_pompeii, gammafunk_ghost_gnarly_gnolls,
          uniq_natasha, uniq_robin

Skill      XL: |  1  2  3  4 |
---------------+-------------+-----
Invocations    | 1 |  1.3
Short Blades   | 1 |  1.2
Long Blades    | 1 |  1.2
Axes           | 1 |  1.2
Maces & Flails | 1 |  1.2
Polearms       | 1 |  1.2
Staves         | 1 |  1.2
Slings         | 1 |  1.2
Crossbows      | 1 |  1.2
Throwing       | 1 |  1.2
Armour         | 1 |  1.2
Stealth        | 1 |  1.2
Shields        | 1 |  1.2
Unarmed Combat | 1 |  1.2
Evocations     | 1 |  1.2
Spellcasting   | 3 |  3.0
Conjurations   | 1 |  1.0
Summonings     | 1 |  1.0
Necromancy     | 1 |  1.0
Translocations | 1 |  1.0
Transmutations | 1 |  1.0
Fire Magic     | 1 |  1.0
Ice Magic      | 1 |  1.0
Air Magic      | 1 |  1.0
Earth Magic    | 1 |  1.0
Poison Magic   | 1 |  1.0
Fighting       | |  2.8
Bows           | |  4.6
Dodging        | |  4.6
Hexes          | |  5.5

Action                   |  1- 3 |  4- 6 || total
-------------------------+-------+-------++-------
 Fire: Shortbow          |    96 |    34 ||   130
 Cast: Slow              |       |     1 ||     1
Armor: Robe              |     9 |     2 ||    11
Dodge: Dodged            |    29 |    21 ||    50

Table legend: (Time is in decaauts)
 A = Elapsed time spent in this place.
 B = Non-inter-level travel time spent in this place.
 C = Inter-level travel time spent in this place.
 D = Time resting spent in this place.
 E = Time spent auto-exploring this place.
 F = Levels seen in this place.
 G = Mean time per level.
                   A        B        C        D        E       F      G
               +--------+--------+--------+--------+--------+-----+--------+
         Total |   1743 |   1655 |     88 |    229 |   1146 |   3 |  581.0 |
       Dungeon |   1743 |   1655 |     88 |    229 |   1146 |   3 |  581.0 |
               +--------+--------+--------+--------+--------+-----+--------+

Top non-repeatable levels by time:
     D:1: 948 daAuts
     D:2: 650 daAuts
     D:3: 144 daAuts
